 Dungeon Crawl Stone Soup version 0.20-a0-947-g2784f4f (webtiles) character file.

483 KristoblXynda the Conjurer (level 6, 0/32 HPs)
             Began as a Deep Elf Conjurer on Apr 2, 2017.
             Was an Initiate of Vehumet.
             Slain by Duvessa
             ... wielding a +0 rapier
              (11 damage)
             ... on level 4 of the Dungeon.
             The game lasted 00:12:59 (5732 turns).

KristoblXynda the Conjurer (Deep Elf Conjurer)      Turns: 5732, Time: 00:13:00

Health: 0/32       AC:  5    Str:  5    XL:     6   Next: 87%
Magic:  0/23       EV: 13    Int: 22    God:    Vehumet [......]
Gold:   183        SH:  0    Dex: 21    Spells: 2/14 levels left

rFire    . . .     SeeInvis +   w - staff of energy
rCold    . . .     Gourm    .   (no shield)
rNeg     + . .     Faith    +   j - +0 leather armour of Uleziuxt {MP+9 Dex+6} (curse)
rPois    .         Spirit   .   (no helmet)
rElec    .         Reflect  .   (no cloak)
rCorr    .         Harm     .   m - +0 pair of gloves
MR       .....                  q - +0 pair of boots
Stlth    +++.......             o - amulet of faith
Regen    0.1/turn               e - ring of positive energy
MPRegen  0.2/turn               n - ring of see invisible

@: very slightly contaminated
A: no striking features
a: Renounce Religion


You were on level 4 of the Dungeon.
You worshipped Vehumet.
Vehumet was noncommittal.
You were not hungry.

You visited 2 branches of the dungeon, and saw 5 of its levels.

You collected 183 gold pieces.

Inventory:

Armour
 j - the cursed +0 leather armour of Uleziuxt (worn) {MP+9 Dex+6}
   (You found it on level 4 of the Dungeon)

   It affects your dexterity (+6).
   It affects your magic capacity (+9).
   It has a curse placed upon it.
 m - a +0 pair of gloves (worn)
 q - a +0 pair of boots (worn)
Magical Staves
 w - an uncursed staff of energy (weapon)
Jewellery
 e - a ring of positive energy (left hand)
 n - a ring of see invisible (right hand)
 o - an amulet of faith (around neck)
 v - an uncursed ring of wizardry {unknown}
Wands
 u - a wand of confusion (9/48)
Scrolls
 i - 2 scrolls of remove curse
 l - 2 scrolls of teleportation
 t - a scroll of random uselessness {unknown}
Potions
 a - a potion of brilliance {unknown}
 d - 2 potions of agility
 f - a potion of invisibility {unknown}
 g - 2 potions of flight
 h - a potion of lignification {unknown}
 k - a potion of resistance {unknown}
 p - a potion of berserk rage {unknown}
 r - 3 potions of mutation {unknown}
 s - 2 potions of heal wounds {unknown}
Books
 b - a book of Conjurations

   Spells                             Type                      Level
   a - Magic Dart                     Conjuration                  1
   b - Searing Ray                    Conjuration                  2
   c - Dazzling Spray                 Conjuration/Hexes            3
   d - Fulminant Prism                Conjuration/Hexes            4
   e - Force Lance                    Conjuration/Translocation    4
   f - Iskenderun's Mystic Blast      Conjuration                  4
Comestibles
 c - a bread ration


   Skills:
 + Level 2.8 Dodging
 - Level 5.1 Stealth
 - Level 4.5 Spellcasting
 + Level 6.4 Conjurations
 + Level 1.0 Hexes
 - Level 3.4 Evocations


You had 2 spell levels left.
You knew the following spells:

 Your Spells              Type           Power        Failure   Level  Hunger
a - Magic Dart            Conj           ####         1%          1    None
b - Dazzling Spray        Conj/Hex       ###...       14%         3    None
c - Iskenderun's Mystic   Conj           ####....     14%         4    None
d - Force Lance           Conj/Tloc      ###.....     56%         4    None


Dungeon Overview and Level Annotations

Branches:
Dungeon (4/15)             Temple (1/1) D:4

Altars:
Ashenzari
Cheibriados
Elyvilon
Gozag
Hepliaklqana
Kikubaaqudgha
Makhleb
Nemelex Xobeh
Okawaru
Ru
Uskayaw
Vehumet
Xom
Zin

Shops:
D:4 }

Annotations:
D:4 Duvessa


Message History

Duvessa screams in rage.
Your Hexes skill increases to level 1!
Duvessa hits you with a rapier!
Casting: Iskenderun's Mystic Blast
Confirm with . or Enter, or press ? or * to list all spells.
Aiming: Magic Dart
Press: ? - help, Shift-Dir - straight line, f/p - Duvessa
Aim: Duvessa, wielding a rapier and wearing a leather armour (almost dead, fast, blind)
The magic dart hits Duvessa.
Duvessa is almost dead.
Duvessa drinks a potion.
Duvessa is healed!
Casting: Magic Dart
Confirm with . or Enter, or press ? or * to list all spells.
Aiming: Magic Dart
Press: ? - help, Shift-Dir - straight line, f/p - Duvessa
Aim: Duvessa, wielding a rapier and wearing a leather armour (severely wounded, fast, blind)
The magic dart hits Duvessa.
Duvessa is severely wounded.
Duvessa misses you. Duvessa hits you with a rapier!
You die...

####### ......# ......#
......# ......# ......#
......##################
..........>.....@e)....#
######################.#
.# e# .# .# .# ..


You could see Duvessa (blind).

Vanquished Creatures
  Sigmund (D:4)
  Dowan (D:4)
  A bullfrog skeleton (D:4)
  An orc priest (D:4)
  3 orc wizards
  3 adders
  An ooze (D:2)
  3 worms
  2 dart slugs
  2 leopard geckos (D:1)
  14 orcs
  3 giant cockroaches
  6 goblins
  6 hobgoblins
  7 jackals (D:3)
  A ball python (D:1)
  4 bats
  5 frilled lizards
  13 kobolds
  A quokka skeleton (D:4)
  8 rats
86 creatures vanquished.

Vanquished Creatures (others)
  A plant (D:1)
1 creature vanquished.

Grand Total: 87 creatures vanquished

Notes
Turn   | Place    | Note
-------+----------+-------------------------------------------
     0 | D:1      | KristoblXynda the Deep Elf Conjurer began the quest for the Orb.
     0 | D:1      | Reached XP level 1. HP: 10/10 MP: 6/6
   272 | D:1      | Reached XP level 2. HP: 15/15 MP: 6/8
  1238 | D:2      | Reached XP level 3. HP: 9/19 MP: 10/10
  1427 | D:2      | Learned a level 3 spell: Dazzling Spray
  1622 | D:2      | Found a white marble altar of Elyvilon.
  1789 | D:2      | Reached skill level 5 in Conjurations
  1812 | D:2      | Found a sacrificial altar of Ru.
  2922 | D:3      | Reached XP level 4. HP: 13/24 MP: 0/12
  3101 | D:3      | Reached skill level 1 in Evocations
  3230 | D:3      | Found a faded altar of an unknown god.
  3420 | D:3      | Found an ancient bone altar of Kikubaaqudgha.
  3850 | D:3      | Learned a level 4 spell: Iskenderun's Mystic Blast
  3873 | D:3      | Reached XP level 5. HP: 25/28 MP: 3/13
  4348 | D:4      | Found Hosche Gyagg's Gadget Shop.
  4567 | D:4      | Learned a level 4 spell: Force Lance
  4589 | D:4      | Noticed Sigmund
  4593 | D:4      | Got a pearl-encrusted leather armour
  4604 | D:4      | Identified the cursed +0 leather armour of Uleziuxt {MP+9 Dex+6} (You found it on level 4 of the Dungeon)
  4693 | D:4      | Killed Sigmund
  4693 | D:4      | Reached skill level 6 in Conjurations
  4693 | D:4      | Reached XP level 6. HP: 14/32 MP: 7/14
  4838 | D:4      | Reached skill level 5 in Stealth
  5145 | D:4      | Found a burning altar of Makhleb.
  5153 | D:4      | Found a hazy altar of Hepliaklqana.
  5197 | D:4      | Found a staircase to the Ecumenical Temple.
  5217 | Temple   | Entered the Ecumenical Temple
  5232 | Temple   | Became a worshipper of Vehumet
  5310 | D:4      | Noticed Duvessa
  5310 | D:4      | Noticed Dowan
  5730 | D:4      | Killed Dowan
  5730 | D:4      | Reached skill level 1 in Hexes
  5732 | D:4      | Slain by Duvessa

Vault maps used:
D:1:      lemuel_arrival_room, serial_forest, infiniplex_forest_end_3,
          infiniplex_forest_clump_long, infiniplex_forest_lined_2,
          infiniplex_forest_clump_double, infiniplex_forest_fountain,
          minmay_tree_intersection, lexackson_kobold_supper
D:2:      lemuel_crystal_altar, elyvilon_altar_4, first_bread
D:3:      nicolae_overflow_hidden_temple, chequers_ecumenical_altar_island
D:4:      tgw_trog, lemuel_crystal_altar, temple_fountains, serial_shops, shop,
          minmay_strange_pillars, bloody_makhleb, uniq_sigmund, uniq_duvessa
Temple:   nicolae_temple_x_marks_the_god

Skill      XL: |  1  2  3  4  5  6 |
---------------+-------------------+-----
Spellcasting   | 4 |  4.5
Conjurations   | 5 6 |  6.4
Evocations     | 2 3 |  3.4
Stealth        | 3 4 5 |  5.1
Hexes          | 1 |  1.0
Dodging        | |  2.8

Action                   |  1- 3 |  4- 6 || total
-------------------------+-------+-------++-------
Melee: Dagger            |    78 |       ||    78
       Staff             |    14 |    10 ||    24
 Cast: Magic Dart        |    77 |    98 ||   175
       Dazzling Spray    |       |     7 ||     7
       Iskenderun's Myst |       |     6 ||     6
Evoke: Wand              |       |     5 ||     5
  Use: Scroll            |     6 |     2 ||     8
       Potion            |       |     2 ||     2
 Stab: Sleeping          |     8 |       ||     8
  Eat: Chunk             |     3 |     5 ||     8
       Bread ration      |     1 |     1 ||     2
Armor: Robe              |    23 |     3 ||    26
       Leather armour    |       |     3 ||     3
Dodge: Dodged            |    55 |    21 ||    76
